 Dungeon Crawl Stone Soup version 0.21-a0-321-g91e3373 (webtiles) character file.

349 vishdafish the Grave Robber (level 6, 0/45 HPs)
             Began as a Demonspawn Necromancer on Sept 30, 2017.
             Succumbed to an orc wizard's poison
             ... on level 4 of the Dungeon.
             The game lasted 00:10:50 (2609 turns).

vishdafish the Grave Robber (DsNe)                  Turns: 2609, Time: 00:10:51

Health: 0/45       AC:  5    Str:  9    XL:     6   Next: 33%
Magic:  8/9        EV: 12    Int: 18    God:
Gold:   125        SH:  0    Dex: 13    Spells: 8/9 levels left

rFire    . . .     SeeInvis .   s - -1 spear
rCold    . . .     Gourm    .   (no shield)
rNeg     + . .     Faith    .   e - +1 leather armour
rPois    .         Spirit   .   (helmet restricted)
rElec    .         Reflect  .   (no cloak)
rCorr    .         Harm     .   (no gloves)
MR       .....                  (no boots)
Stlth    ++........             (no amulet)
HPRegen  0.15/turn              f - ring of positive energy
MPRegen  0.11/turn              (no ring)

@: lethally poisoned (0 -> -31)
A: antennae 1, rugged brown scales 1, powered by death 1, spiny 1
a: no special abilities


You were on level 4 of the Dungeon.
You were not hungry.

You visited 1 branch of the dungeon, and saw 4 of its levels.

You collected 125 gold pieces.

Inventory:

Hand Weapons
 i - a +0 short sword
 l - a +0 spear
 s - a -1 spear (weapon)
Armour
 a - a +0 robe
 e - a +1 leather armour (worn)
 n - a +0 shield
Jewellery
 f - a ring of positive energy (left hand)
Scrolls
 o - 3 scrolls of recharging
Books
 b - a book of Necromancy

   Spells                             Type                      Level
   a - Pain                           Necromancy                   1
   b - Animate Skeleton               Necromancy                   1
   c - Vampiric Draining              Necromancy                   3
   d - Regeneration                   Charms/Necromancy            3
   e - Animate Dead                   Necromancy                   4
   f - Control Undead                 Necromancy                   4
 p - a book of Misfortune

   Spells                             Type                      Level
   a - Confusing Touch                Hexes                        1
   b - Confuse                        Hexes                        3
   c - Gell's Gravitas                Translocation                3
   d - Petrify                        Transmutation/Earth          4
   e - Metabolic Englaciation         Hexes/Ice                    5
   f - Yara's Violent Unravelling     Hexes/Transmutation          5
Comestibles
 c - 3 bread rations
 d - 2 chunks of flesh
 k - 2 meat rations
 m - 2 royal jellies


   Skills:
 - Level 2.0 Fighting
 * Level 4.7 Polearms
 - Level 2.2 Dodging
 - Level 1.7 Stealth
 - Level 2.0 Spellcasting
 - Level 5.1 Necromancy


You had 8 spell levels left.
You knew the following spells:

 Your Spells              Type           Power        Failure   Level  Hunger
a - Pain                  Necr           ###.         3%          1    #......


Dungeon Overview and Level Annotations

Branches:
Dungeon (4/15)
 Temple: D:4-7

Altars:
Hepliaklqana
Wu Jian
Xom

Annotations:
D:3 Purgy


Innate Abilities, Weirdness & Mutations

You have a pair of small antennae on your head.
You are partially covered in rugged brown scales. (AC +1, +3% HP)
You regenerate a little health from kills.
You are partially covered in sharp spines.


Message History

You feel very sick.
Reactivating autopickup.
You feel a bit more experienced.
The orc wizard points at you and mumbles some strange words.
The magic dart hits you!
You feel very sick. The orc wizard casts a spell at you.
The magic dart hits you!
* * * LOW HITPOINT WARNING * * *
Things that are here:
a dagger of venom; a robe; an orc corpse You hit the orc wizard but do no damage.
* * * LOW HITPOINT WARNING * * *
You feel very sick.
You aren't carrying any potions.
Okay, then.
You closely miss the orc wizard.
* * * LOW HITPOINT WARNING * * *
You feel sick. The orc wizard completely misses you.
You barely miss the orc wizard.
You die...

###
###########.####
#.@ooo.##......####
######.............
##............
#............
#............
#........<...
#..S.{.......
#............
#.#..........


You could see 2 orc wizards and an orc.

Vanquished Creatures
  Grinder (D:4)
  An orc wizard (D:4)
  3 adders
  4 gnolls (D:3)
  2 oozes (D:2)
  A worm (D:2)
  2 leopard geckos (D:2)
  2 orcs (D:4)
  3 ball pythons
  8 bats
  6 giant cockroaches
  9 goblins
  7 hobgoblins
  5 kobolds
  3 quokkas
  2 frilled lizards
  4 rats
63 creatures vanquished.

Notes
Turn   | Place    | Note
-------+----------+-------------------------------------------
     0 | D:1      | vishdafish the Demonspawn Necromancer began the quest for the Orb.
     0 | D:1      | Reached XP level 1. HP: 13/13 MP: 3/3
   309 | D:1      | You fall through a shaft!
   310 | D:2      | Gained mutation: You regenerate a little health from kills. [demonic ancestry]
   310 | D:2      | Reached XP level 2. HP: 19/19 MP: 3/5
   407 | D:2      | Reached skill level 5 in Necromancy
   735 | D:1      | Gained mutation: You are partially covered in sharp spines. [demonic ancestry]
   735 | D:1      | Reached XP level 3. HP: 25/25 MP: 6/6
   833 | D:1      | Reached skill level 1 in Fighting
  1516 | D:2      | Found an ornate altar of the Wu Jian Council.
  1632 | D:2      | Gained mutation: You are partially covered in rugged brown scales. (AC +1, +3% HP) [demonic ancestry]
  1632 | D:2      | Reached XP level 4. HP: 25/33 MP: 2/7
  1721 | D:2      | Reached skill level 1 in Polearms
  2198 | D:3      | Found a hazy altar of Hepliaklqana.
  2199 | D:3      | Found a shimmering altar of Xom.
  2199 | D:3      | Noticed a hell beast
  2200 | D:3      | Noticed a hell beast
  2200 | D:3      | Noticed a spectral ugly thing
  2264 | D:3      | Noticed Purgy
  2363 | D:4      | Noticed Grinder
  2397 | D:4      | Gained mutation: You have a pair of small antennae on your head. [demonic ancestry]
  2397 | D:4      | Reached XP level 5. HP: 39/39 MP: 8/8
  2411 | D:4      | Paralysed by Grinder for 7 turns
  2424 | D:4      | Killed Grinder
  2424 | D:4      | Reached XP level 6. HP: 5/45 MP: 9/9
  2608 | D:4      | HP: 2/45 [poisoned by an orc wizard]
  2609 | D:4      | Succumbed to an orc wizard's poison

Vault maps used:
D:1:      lemuel_arrival_behind_the_door_large
D:2:      overflow_temple_1_default, first_bread
D:3:      regret_index_temple_of_mockery, nicolae_overflow_hidden_temple,
          uniq_purgy
D:4:      uniq_sigmund, uniq_grinder, uniq_edmund

Skill      XL: |  1  2  3  4  5 |
---------------+----------------+-----
Dodging        | 2 |  2.2
Necromancy     | 5 |  5.1
Fighting       | 2 |  2.0
Polearms       | 2 4 |  4.7
Stealth        | |  1.7
Spellcasting   | |  2.0

Action                   |  1- 3 |  4- 6 || total
-------------------------+-------+-------++-------
Melee: Short sword       |    12 |       ||    12
       Spear             |    24 |    89 ||   113
 Cast: Pain              |    45 |    16 ||    61
  Use: Scroll            |       |     5 ||     5
       Potion            |       |     5 ||     5
 Stab: Sleeping          |     2 |       ||     2
       Distracted        |     1 |       ||     1
  Eat: Chunk             |     2 |     4 ||     6
Armor: Robe              |     9 |       ||     9
       Leather armour    |       |    23 ||    23
       Skin              |       |     5 ||     5
Dodge: Dodged            |    21 |    39 ||    60

Table legend:
 A = Spawn XP
 B = Non-spawn XP
 C = Spawn XP percentage of total XP
 D = Spawn monster count
 E = Non-spawn monster count
 F = Spawn count percentage of total count
 G = Total turns spent on level
                    A         B        C        D         E        F      G
               +---------+---------+-------+---------+---------+-------+---------
         Total |       0 |     499 |   0.0 |       0 |      63 |   0.0 |  2609
               +---------+---------+-------+---------+---------+-------+---------
           D:1 |       0 |      28 |   0.0 |       0 |      15 |   0.0 |   777
           D:2 |       0 |      86 |   0.0 |       0 |      28 |   0.0 |  1172
           D:3 |       0 |      77 |   0.0 |       0 |      15 |   0.0 |   383
           D:4 |       0 |     308 |   0.0 |       0 |       5 |   0.0 |   277
               +---------+---------+-------+---------+---------+-------+---------
